 Dungeon Crawl Stone Soup version 0.31.0-32-g396128a36d (webtiles) character file.

Game seed: 795788132867967107

923 Doomgape the Shield-Bearer (level 8, -5/51 HPs)
             Began as a Gargoyle Fighter on Mar 21, 2024.
             Killed by divine providence
             ... invoked by an orc priest
              (14 damage)
             ... on level 6 of the Dungeon.
             The game lasted 00:07:28 (3114 turns).

Doomgape the Shield-Bearer (Gargoyle Fighter)       Turns: 3114, Time: 00:07:29

Health: -5/51      AC: 18    Str: 22    XL:     8   Next: 10%
Magic:  8/8        EV:  6    Int:  9    God:
Gold:   239        SH:  5    Dex:  9    Spells: 7/7 levels left

rFire   . . .        h - +0 morningstar
rCold   + . .        c - +0 buckler
rNeg    + . .        o - +0 plate armour {rC+}
rPois   ∞            (no helmet)
rElec   +            (no cloak)
rCorr   .            (no gloves)
SInv    .            (no boots)
Will    .....        (no amulet) Stlth
                     (no ring)
HPRegen 0.28/turn    (no ring)
MPRegen 0.11/turn

%: no passive effects
@: no status effects
A: sickness immunity, AC +5, negative energy resistance 1, electricity
resistance, torment resistance 1, petrification resistance
a: no special abilities


You were on level 6 of the Dungeon.
You visited 1 branch of the dungeon, and saw 5 of its levels.

You collected 239 gold pieces.

Inventory:

Hand Weapons
 h - a +0 morningstar (weapon)
Armour
 c - a +0 buckler (worn)
 o - a +0 plate armour of cold resistance (worn)
Wands
 p - a wand of iceblast (9)
 r - a wand of paralysis (4)
Scrolls
 g - a scroll of identify
 m - a scroll of vulnerability {unknown}
 n - a scroll of immolation {unknown}
 s - 2 scrolls of teleportation {unknown}
Potions
 a - a potion of lignification {unknown}
 b - a potion of enlightenment {unknown}
 e - a potion of mutation
 j - a potion of berserk rage {unknown}
 q - a potion of magic {unknown}


   Skills:
 + Level 5.9 Fighting
 + Level 4.8 Maces & Flails
 + Level 5.8 Armour
 + Level 5.9 Shields


You had 7 spell levels left.
You didn't know any spells.
Your spell library contained the following spells:

 Spells                   Type           Power      Damage    Failure   Level
 Summon Small Mammal      Summ           0%         N/A       100%        1
 Call Canine Familiar     Summ           0%         N/A       100%        3
 Summon Blazeheart Golem  Fire/Summ      0%         N/A       100%        4


Dungeon Overview and Level Annotations

Branches:
Dungeon (6/15)
 Temple: D:4-7

Altars:
Vehumet
Wu Jian

Shops:
D:2 [


Innate Abilities, Weirdness & Mutations

You are immune to sickness and miasma.
Your stone body is resilient. (AC +5)
You are immune to poison.
You resist negative energy. (rN+)
You are resistant to electric shocks. (rElec)
You are resistant to unholy torment.
You are immune to petrification.


Message History

The ball of steam misses you.
Unknown command.
Okay, then.
You closely miss the steam dragon.
The steam dragon is heavily wounded.
The orc priest hits you but does no damage.
The orc wizard hits you but does no damage.
The steam dragon bites you but does no damage.
The steam dragon claws you.
* * * LOW HITPOINT WARNING * * *
The orc priest hits you but does no damage.
The steam dragon breathes steam at you.
The ball of steam hits you but does no damage.
The orc wizard points at you and mumbles some strange words.
You resist with some effort.
You closely miss the steam dragon.
The steam dragon is heavily wounded.
You are engulfed in a cloud of scalding steam.
The orc priest invokes the aid of Beogh against you.
You struggle to resist.
You block the orc wizard's attack. You block the steam dragon's attack.
The steam dragon claws you but does no damage.
You hit the steam dragon.
The steam dragon is heavily wounded.
You are engulfed in a cloud of scalding steam.
* * * LOW HITPOINT WARNING * * *
The orc priest mumbles some strange prayers to Beogh against you.
You struggle to resist.
An orc comes into view. It is wielding a +0 flail.
The orc wizard hits you but does no damage.
You block the steam dragon's attack. The steam dragon barely misses you.
You sock the steam dragon!
You kill the steam dragon!
You are engulfed in a cloud of scalding steam.
The orc priest hits you with a +0 dagger.
* * * LOW HITPOINT WARNING * * *
The orc wizard hits you but does no damage.
The orc priest calls down the wrath of Beogh upon you.
Beogh smites you!
You die...

## ### ### ####
>####.# #.###...#
......# ##@o.#
#.#...# #oo##
..#...# ###o##
......## ###§..#
.......#####D§...#
#.......##....##..#
#..###...o..#####.#
..####...)### ..#
.## #...D## ..#


You could see an orc priest, an orc wizard and 2 orcs.

Vanquished Creatures
  Grinder (D:3)
  A steam dragon (D:6)
  Edmund (D:5)
  2 centaurs
  2 phantoms
  A gnoll sergeant (D:5)
  2 jellies (D:5)
  An orc priest (D:5)
  An iguana (D:5)
  3 gnolls (D:5)
  5 adders
  2 dart slugs
  A ribbon worm (D:5)
  3 orcs (D:5)
  An endoplasm (D:1)
  4 giant cockroaches
  A goblin (D:2)
  2 hobgoblins
  8 jackals
  2 kobolds
  2 quokkas
  4 ball pythons
  4 bats
  3 frilled lizards
  4 rats
61 creatures vanquished.

Vanquished Creatures (others)
  An orc priest (D:6)
1 creature vanquished.

Grand Total: 62 creatures vanquished

Notes
Turn   | Place    | Note
-------+----------+-------------------------------------------
     0 | D:1      | Doomgape the Gargoyle Fighter began the quest for the Orb.
     0 | D:1      | Reached XP level 1. HP: 14/14 MP: 1/1
   100 | D:1      | Reached XP level 2. HP: 19/19 MP: 2/2
   655 | D:2      | Reached XP level 3. HP: 23/23 MP: 3/3
  1056 | D:2      | Found a faded altar of an unknown god.
  1131 | D:2      | Found Zoiwko's Armour Emporium.
  1243 | D:2      | Identified the +1 spear "Juitol" {flame, Fly rPois Will+
                  | Str+2}
  1540 | D:3      | Noticed Grinder
  1546 | D:3      | Paralysed by Grinder for 2 turns
  1555 | D:3      | Paralysed by Grinder for 5 turns
  1560 | D:3      | HP: 1/24 [Grinder (3)]
  1568 | D:3      | Killed Grinder
  1569 | D:3      | Reached XP level 4. HP: 21/30 MP: 4/4
  1569 | D:3      | Reached XP level 5. HP: 23/34 MP: 5/5
  1569 | D:3      | Reached XP level 6. HP: 27/39 MP: 6/6
  1736 | D:3      | Found an ornate altar of the Wu Jian Council.
  1886 | D:3      | You fall into a shaft and drop 2 floors!
  1886 | D:5      | Entered Level 5 of the Dungeon
  2161 | D:5      | Found a radiant altar of Vehumet.
  2209 | D:5      | Noticed Edmund
  2225 | D:5      | Killed Edmund
  2226 | D:5      | Reached skill level 5 in Fighting
  2226 | D:5      | Reached skill level 5 in Armour
  2226 | D:5      | Reached skill level 5 in Shields
  2226 | D:5      | Reached XP level 7. HP: 27/44 MP: 7/7
  2983 | D:6      | Reached XP level 8. HP: 45/51 MP: 8/8
  3114 | D:6      | Killed from afar by an orc priest

Illustrated notes

Levels and vault maps discovered:
D:1:      nagdon_arrival_double_spiral, layout_rooms
D:2:      layout_basic, basic_ecumenical_altar, serial_shops,
          nicolae_shop_pleasant_corner_grove, nicolae_elevator_lobby_asterisk
D:3:      layout_loops_cross, nicolae_wu_jian_immortal_techniques, uniq_grinder,
          uniq_crazy_yiuf_cottage
D:5:      layout_gridville, nicolae_vehumet_altar_sigil, serial_park_tiny_1,
          minmay_misc_feat_ornament, uniq_edmund
D:6:      layout_layer_cave, uniq_jeremiah

Skill      XL: |  1  2  3  4  5  6 |
---------------+-------------------+-----
Fighting       | 4 5 |  5.9
Maces & Flails | 3 4 |  4.8
Armour         | 4 5 |  5.8
Shields        | 4 5 |  5.9

Action                     |  1- 3 |  4- 6 |  7- 9 || total
---------------------------+-------+-------+-------++-------
  Melee: Flail             |    19 |       |       ||    19
         Morningstar       |    84 |    61 |    75 ||   220
    Use: Scroll            |     1 |       |     4 ||     5
         Potion            |     1 |     1 |     2 ||     4
 Armour: Scale mail        |    26 |       |       ||    26
         Chain mail        |    94 |     5 |       ||    99
         Plate armour      |       |    56 |   121 ||   177
  Dodge: Dodged            |    67 |    20 |    50 ||   137
  Block: Buckler           |    27 |    15 |    26 ||    68
